 Dungeon Crawl Stone Soup version 0.26-a0-146-g24f6d3962c (webtiles) character file.

Game seed: 13516712632616354217

128 Hastur the Sneak (level 5, -12/35 HPs)
             Began as a Halfling Necromancer on June 29, 2020.
             Killed from afar by an orc (26 damage)
             ... with a bolt of acid
             ... on level 3 of the Dungeon.
             The game lasted 00:08:42 (4522 turns).

Hastur the Sneak (Halfling Necromancer)             Turns: 4522, Time: 00:08:43

Health: -12/35     AC:  0    Str:  9    XL:     5   Next: 33%
Magic:  5/7        EV: 14    Int: 14    God:
Gold:   132        SH:  0    Dex: 15    Spells: 6/7 levels left

rFire    . . .     SeeInvis .   q - +0 short sword
rCold    . . .     Faith    .   (shield restricted)
rNeg     . . .     Spirit   .   w - +0 leather armour
rPois    .         Reflect  .   (no helmet)
rElec    .         Harm     .   (no cloak)
rCorr    .                      f - +0 pair of gloves
MR       .....                  (no boots)
Stlth    ++........             (no amulet)
HPRegen  0.11/turn              (no ring)
MPRegen  0.10/turn              (no ring)

@: corroded
A: small, mutation resistance 1
a: no special abilities


You were on level 3 of the Dungeon.
You were hungry.

You visited 1 branch of the dungeon, and saw 3 of its levels.

You collected 132 gold pieces.

Inventory:

Hand Weapons
 m - a +0 dagger
   (You took it off a kobold on level 2 of the Dungeon)
 q - a +0 short sword (weapon)
   (You took it off a kobold on level 2 of the Dungeon)
 r - a +0 hunting sling
   (You took it off a hobgoblin on level 2 of the Dungeon)
Missiles
 g - 177 stones
 s - 7 poisoned darts (quivered)
Armour
 a - a +0 robe
 f - a +0 pair of gloves (worn)
   (You found it on level 3 of the Dungeon)
 i - a +0 kite shield
   (You found it on level 1 of the Dungeon)
 w - a +0 leather armour (worn)
   (You took it off an orc priest on level 3 of the Dungeon)
Jewellery
 t - an uncursed ring of protection from fire {unknown}
   (You found it on level 3 of the Dungeon)
Scrolls
 c - 3 scrolls of teleportation {unknown}
 d - 2 scrolls of blinking {unknown}
 h - 4 scrolls of identify {unknown}
 j - a scroll of enchant armour {unknown}
 n - 4 scrolls of remove curse {unknown}
 o - a scroll of magic mapping {unknown}
 u - a scroll of immolation {unknown}
 v - a scroll of fog {unknown}
Potions
 b - a potion of flight {unknown}
 k - 2 potions of heal wounds {unknown}
 l - a potion of lignification {unknown}
 p - a potion of berserk rage {unknown}
Comestibles
 e - 3 rations {!d}


   Skills:
 + Level 2.5 Fighting
 + Level 2.3 Short Blades
 - Level 2.1 Dodging
 + Level 4.1 Stealth
 - Level 1.5 Spellcasting
 - Level 3.2 Necromancy


You had 6 spell levels left.
You knew the following spells:

 Your Spells              Type           Power        Failure   Level  Hunger
a - Pain                  Necr           ##..         10%         1    ##.....

Your spell library contained the following spells:

 Spells                   Type           Power        Failure   Level  Hunger
 Animate Skeleton         Necr           N/A          10%         1    ##.....
 Vampiric Draining        Necr           ##........   28%         3    ####...
 Animate Dead             Necr           N/A          67%         4    #####..
 Agony                    Necr           ##......     95%         5    ######.


Dungeon Overview and Level Annotations

Branches:
Dungeon (3/15)

Altars:
Cheibriados
Yredelemnul


Innate Abilities, Weirdness & Mutations

You are small and have problems with some larger weapons.
You are somewhat resistant to further mutation.


Message History

Aim: Terence, wielding a +0 mace and wearing a +0 scale mail (chance to defeat MR: 71%) Terence writhes in agony.
Aim: Terence, wielding a +0 mace and wearing a +0 scale mail (lightly wounded, chance to defeat MR: 71%) Terence struggles to resist.
Terence hits you with a +0 mace.
Aim: Terence, wielding a +0 mace and wearing a +0 scale mail (lightly wounded, chance to defeat MR: 71%) Terence writhes in agony.
Terence closely misses you.
You hit Terence. You hit Terence but do no damage.
Terence hits you but does no damage.
You hit Terence but do no damage. Terence barely misses you.
You hit Terence but do no damage. Terence completely misses you.
You hit Terence but do no damage. Terence misses you.
You hit Terence but do no damage. Terence barely misses you.
You hit Terence but do no damage. You hit Terence but do no damage.
Terence barely misses you.
You hit Terence but do no damage. Terence misses you.
You hit Terence. Terence hits you with a +0 mace.
Aim: Terence, wielding a +0 mace and wearing a +0 scale mail (severely wounded, chance to defeat MR: 71%) Terence writhes in agony.
Terence hits you but does no damage.
Aim: Terence, wielding a +0 mace and wearing a +0 scale mail (almost dead, chance to defeat MR: 71%) Terence writhes in agony.
You kill Terence!
Your Stealth skill increases to level 4!
Things that are here:
a +0 mace; a +0 scale mail There isn't anything to butcher here.
All of the chunks of flesh in your inventory have rotted away.
h - 4 scrolls labeled WOROPR NUCIGEPS (gained 1)
Found a pair of gloves.
f - a pair of gloves You now have 132 gold pieces (gained 8).
You start putting on your armour.
You continue putting on your pair of gloves. x4
You finish putting on your +0 pair of gloves.
An orc comes into view.
It is wielding a +0 flail and carrying a wand of acid (9).
You start waiting.
You are feeling hungry.
Found 22 sling bullets.
Found a stone staircase leading down.
The orc shouts!
Aim: an orc, wielding a +0 flail, wearing a +0 leather armour and carrying a wand of acid (9) (chance to defeat MR: 78%)
The orc barely resists.
The orc zaps a wand.
The bolt of acid hits you! The acid corrodes you!
You are splashed with acid!
* * * LOW HITPOINT WARNING * * *
Aim: an orc, wielding a +0 flail, wearing a +0 leather armour and carrying a wand of acid (8) (chance to defeat MR: 78%)
The orc barely resists.
The orc zaps a wand.
The bolt of acid hits you!!
Ouch! That really hurt!
You die...

....## .....# ......
..#..# #.....
..#....) .#.....##
..#.# ## >.......#
..#.# #.....o######
..#.# #...(.......#
..#.# #...........#
##..# .#.....@.....#
#.## .#..###.....^#
#.# ##.#...........#
##.# #.....###......#
#..# ##....#
##......# #.##
##>...# ##...#####
#.####..#..###.....##
......)#...##.......#
.........#.##.......#


You could see an orc.

Vanquished Creatures
  An orc priest (D:3)
  Terence (D:3)
  An adder (D:3)
  A worm (D:2)
  A dart slug (D:2)
  3 leopard geckos (D:2)
  2 orcs
  A ball python (D:3)
  6 giant cockroaches
  5 hobgoblins
  9 jackals
  A quokka (D:1)
  3 bats
  2 frilled lizards
  2 gnoll zombies (D:2)
  4 goblins
  6 kobolds
  4 rats (D:2)
53 creatures vanquished.

Notes
Turn   | Place    | Note
-------+----------+-------------------------------------------
     0 | D:1      | Hastur the Halfling Necromancer began the quest for the
                  | Orb.
     0 | D:1      | Reached XP level 1. HP: 11/11 MP: 3/3
   752 | D:1      | Reached skill level 1 in Fighting
   752 | D:1      | Reached XP level 2. HP: 17/18 MP: 0/4
  1277 | D:2      | Reached skill level 3 in Stealth
  1292 | D:1      | Reached XP level 3. HP: 13/23 MP: 0/5
  1849 | D:2      | Found a snail-covered altar of Cheibriados.
  2288 | D:2      | Found a basalt altar of Yredelemnul.
  3212 | D:3      | Reached skill level 1 in Short Blades
  3253 | D:3      | Reached XP level 4. HP: 29/29 MP: 2/6
  4149 | D:3      | Reached XP level 5. HP: 24/35 MP: 2/7
  4211 | D:3      | Noticed Terence
  4332 | D:3      | Killed Terence
  4332 | D:3      | Reached skill level 4 in Stealth
  4522 | D:3      | Killed from afar by an orc

Illustrated notes

Levels and vault maps discovered:
D:1:      eino_arrival_water_cross, layout_basic, minmay_misc_feat_hallway
D:2:      layout_rooms, lemuel_zombie_altar_yredelemnul, kennysheep_slug_shrine
D:3:      layout_rooms, chequers_ecumenical_altar_grove, uniq_terence

Skill      XL: |  1  2  3  4  5 |
---------------+----------------+-----
Fighting       | 1 2 |  2.5
Stealth        | 3 4 |  4.1
Short Blades   | 1 2 |  2.3
Dodging        | |  2.1
Spellcasting   | |  1.5
Necromancy     | |  3.2

Action                   |  1- 3 |  4- 6 || total
-------------------------+-------+-------++-------
Melee: Short sword       |    36 |    48 ||    84
Throw: Dart              |    22 |       ||    22
 Cast: Pain              |    68 |    26 ||    94
 Stab: Sleeping          |     1 |     1 ||     2
  Eat: Chunk             |     6 |     4 ||    10
       Ration            |     1 |       ||     1
Armor: Robe              |    19 |     8 ||    27
       Leather armour    |       |     1 ||     1
Dodge: Dodged            |    75 |    58 ||   133

Table legend:
 A = Non-vault XP
 B = Vault XP
 C = Vault XP percentage of total XP
 D = Non-vault monster count
 E = Vault monster count
 F = Vault count percentage of total count
                 A         B        C        D         E       F
            +---------+---------+-------+---------+---------+-------
      Total |     145 |      38 |  20.8 |      49 |       4 |   7.5
            +---------+---------+-------+---------+---------+-------
        D:1 |      18 |       0 |   0.0 |      10 |       0 |   0.0
        D:2 |      54 |       6 |  10.0 |      28 |       3 |   9.7
        D:3 |      73 |      32 |  30.5 |      11 |       1 |   8.3
            +---------+---------+-------+---------+---------+-------
